 Dungeon Crawl Stone Soup version 0.21-a0-95-g06f091e (webtiles) character file.

420 Murumi the Shield-Bearer (level 6, 0/38 HPs)
             Began as a Gargoyle Fighter on July 5, 2017.
             Slain by Duvessa
             ... wielding a +0 short sword
              (11 damage)
             ... on level 4 of the Dungeon.
             The game lasted 00:12:19 (3411 turns).

Murumi the Shield-Bearer (Gargoyle Fighter)         Turns: 3411, Time: 00:12:20

Health: 0/38       AC: 15    Str: 22    XL:     6   Next: 94%
Magic:  6/6        EV:  8    Int:  8    God:
Gold:   196        SH:  0    Dex:  9    Spells: 5/5 levels left

rFire    . . .     SeeInvis .   s - +0 morningstar
rCold    + . .     Gourm    .   (no shield)
rNeg     + . .     Faith    .   k - +0 chain mail
rPois    ∞         Spirit   .   q - +0 helmet
rElec    +         Reflect  .   (no cloak)
rCorr    +         Harm     .   (no gloves)
MR       .....                  (no boots)
Stlth    ..........             (no amulet)
HPRegen  0.12/turn              l - ring of resist corrosion (curse)
MPRegen  0.10/turn              u - ring of protection from cold

@: no status effects
A: negative energy resistance 1, electricity resistance, unbreathing,
petrification resistance, rot immunity, AC +4
a: no special abilities


You were on level 4 of the Dungeon.
You were hungry.

You visited 1 branch of the dungeon, and saw 4 of its levels.

You collected 196 gold pieces.

Inventory:

Hand Weapons
 a - a +0 flail
 s - a +0 morningstar (weapon)
Missiles
 g - 50 stones (quivered)
Armour
 c - a +0 shield
 k - a +0 chain mail (worn)
 q - a +0 helmet (worn)
Jewellery
 l - a cursed ring of resist corrosion (left hand)
 u - a ring of protection from cold (right hand)
Scrolls
 m - 2 scrolls of teleportation
 o - a scroll of enchant armour {unknown}
 p - 2 scrolls of immolation {unknown}
 r - 2 scrolls of recharging {unknown}
Potions
 b - a potion of curing
 d - a potion of might
 e - a potion of flight
 h - 2 potions of ambrosia {unknown}
 i - a potion of mutation {unknown}
 j - 2 potions of berserk rage {unknown}
Comestibles
 f - 3 bread rations
 n - a meat ration


   Skills:
 - Level 4.0 Fighting
 - Level 4.0 Maces & Flails
 - Level 1.2 Throwing
 - Level 5.0 Armour
 - Level 1.0 Dodging
 + Level 5.1 Shields


You had 5 spell levels left.
You didn't know any spells.

Dungeon Overview and Level Annotations

Branches:
Dungeon (4/15)
 Temple: D:4-7

Altars:
Sif Muna

Annotations:
D:4 Duvessa, Edmund


Innate Abilities, Weirdness & Mutations

You are resistant to torment.
Your stone body is resilient. (AC +4)
You are immune to poison.
You resist negative energy. (rN+)
You are resistant to electric shocks. (rElec)
You can survive without breathing.
You are immune to petrification.
You are immune to rotting.


Message History

You bludgeon Duvessa!!
Duvessa is severely wounded.
You feel a little less mighty now. Duvessa hits you but does no damage.
Duvessa hits you with a short sword.
Your chain mail prevents you from hitting Duvessa.
Duvessa is severely wounded.
Duvessa hits you with a short sword. Duvessa hits you but does no damage.
You closely miss Duvessa.
Duvessa is severely wounded.
Duvessa hits you with a short sword.
* * * LOW HITPOINT WARNING * * *
Duvessa closely misses you.
You closely miss Duvessa.
Duvessa is severely wounded.
The hound barks!
You hear a shout!
Duvessa hits you but does no damage. x2
You hit Duvessa but do no damage.
Duvessa is severely wounded.
Duvessa hits you with a short sword!
You die...

.. #.....e.. ...
#.....(.. ....
#(....... ....#
#....e...#.
.............#.#
#..#........#.###
#..............#####
#.#### ##.#.....#
#he@.####........
####).........#
#######.......<..#
#................#
.......#........####
########.......##
##......# ##.....##
#.......#


You could see Duvessa (berserk) and a hound.

Vanquished Creatures
  Menkaure (D:4)
  A bullfrog (D:3)
  Dowan (D:4)
  Jessica (D:2)
  Robin (D:2)
  6 adders
  An ooze (D:3)
  2 worms
  2 dart slugs (D:2)
  5 orcs (D:3)
  4 giant cockroaches
  19 goblins
  10 hobgoblins
  4 jackals (D:3)
  A ball python (D:3)
  A ball python skeleton (D:3)
  6 bats
  3 frilled lizards
  8 kobolds
  6 rats
83 creatures vanquished.

Notes
Turn   | Place    | Note
-------+----------+-------------------------------------------
     0 | D:1      | Murumi the Gargoyle Fighter began the quest for the Orb.
     0 | D:1      | Reached XP level 1. HP: 14/14 MP: 1/1
   289 | D:1      | Reached skill level 1 in Throwing
   519 | D:1      | Reached XP level 2. HP: 16/19 MP: 2/2
   863 | D:2      | Noticed Robin
   869 | D:1      | Reached skill level 1 in Dodging
   998 | D:2      | Reached XP level 3. HP: 22/23 MP: 3/3
  1194 | D:2      | Killed Robin
  1202 | D:2      | Reached XP level 4. HP: 19/28 MP: 4/4
  1593 | D:2      | Noticed Jessica
  1599 | D:2      | Killed Jessica
  1657 | D:2      | Reached XP level 5. HP: 32/33 MP: 5/5
  2243 | D:3      | You fall through a shaft!
  2243 | D:4      | Noticed Edmund
  2722 | D:3      | Reached XP level 6. HP: 38/38 MP: 6/6
  2839 | D:3      | Reached skill level 5 in Armour
  3315 | D:3      | Found a deep blue altar of Sif Muna.
  3356 | D:4      | Noticed Menkaure
  3362 | D:4      | Killed Menkaure
  3385 | D:4      | Noticed Duvessa
  3387 | D:4      | Noticed Dowan
  3402 | D:4      | Killed Dowan
  3402 | D:4      | Reached skill level 5 in Shields
  3411 | D:4      | Slain by Duvessa

Vault maps used:
D:1:      dpeg_arrival_simpleton_c
D:2:      kennysheep_path_1, uniq_robin, uniq_jessica
D:3:      lemuel_blue_sif_altar, grunt_ministairs_12, serial_bayou_ford_a
D:4:      yredelemnul_altar_generic, serial_shops, shop, uniq_menkaure,
          uniq_edmund, uniq_duvessa

Skill      XL: |  1  2  3  4  5  6 |
---------------+-------------------+-----
Throwing       | 1 |  1.2
Dodging        | 1 |  1.0
Maces & Flails | 3 4 |  4.0
Fighting       | 4 |  4.0
Armour         | 4 5 |  5.0
Shields        | 5 |  5.1

Action                   |  1- 3 |  4- 6 || total
-------------------------+-------+-------++-------
Melee: Flail             |    94 |   123 ||   217
       Morningstar       |       |   120 ||   120
Throw: Stone             |    39 |   120 ||   159
  Use: Scroll            |     4 |       ||     4
       Potion            |       |     1 ||     1
  Eat: Chunk             |     1 |     7 ||     8
Armor: Chain mail        |    64 |   186 ||   250
       Scale mail        |     2 |       ||     2
Dodge: Dodged            |    35 |   138 ||   173
